Map: Nightscape LE

Players

Marcelo - Winner!

  • Race: Protoss Protoss
  • League: Master
  • Spawn Location: 1:00

OsiRis - Winner!

  • Race: Protoss Protoss
  • League: Master
  • Spawn Location: 1:00

Massa

  • Race: Terran Terran
  • League: Platinum
  • Spawn Location: 7:00

qqq

  • Race: Zerg Zerg
  • League: Platinum
  • Spawn Location: 7:00

VOD

Have the link to the VOD?

Description

Time

  • Played on: Dec. 9, 2020, 2:50 p.m.
  • Length: 7:41
Show
View Real Time Build Order
Export as new Build Order

Marcelo Protoss - Winner!

Build Orders:  

Get SALT Encoding   

  12  0:00  Probe  
  13  0:12  Probe  
  14  0:17  Pylon  
  14  0:24  Probe  
  15  0:37  Gateway  
  15  0:38  Probe (Chrono Boost)  
  15  0:42  Assimilator  
  16  0:47  Probe (Chrono Boost)  
  17  0:52  Probe (Chrono Boost)  
  18  0:59  Forge  
  18  1:04  Probe  
  19  1:16  Probe  
  20  1:23  Cybernetics Core  
  20  1:29  Probe  
  21  1:41  Probe  
  22  1:49  Pylon  
  22  1:55  Pylon  
  22  1:58  Probe  
  23  2:09  Photon Cannon  
  23  2:11  Shield Battery  
  23  2:13  Photon Cannon  
  23  2:17  Photon Cannon  
  23  2:22  Shield Battery  
  23  2:26  Probe (Chrono Boost)  
  23  2:29  Stalker  
  26  2:36  Probe (Chrono Boost)  
  27  2:42  Probe (Chrono Boost), Stargate  
  28  2:55  Probe (Chrono Boost)  
  29  3:03  Probe (Chrono Boost)  
  30  3:11  Probe, Assimilator  
  29  3:33  Void Ray (Chrono Boost)  
  24  3:44  Shield Battery  
  24  3:48  Probe  
  23  3:53  Pylon  
  23  4:00  Probe  
  24  4:03  Void Ray (Chrono Boost)  
  28  4:25  Probe  
  29  4:36  Void Ray (Chrono Boost)  
  29  4:37  Photon Cannon  
  29  4:38  Probe  
  34  5:02  Probe  
  34  5:05  Void Ray (Chrono Boost)  
  39  5:21  Probe  
  39  5:26  Shield Battery  
  39  5:27  Shield Battery  
  40  5:34  Probe  
  40  5:35  Void Ray (Chrono Boost)  
  45  5:49  Nexus, Shield Battery  
  45  5:50  Pylon  
  45  6:10  Probe  
  46  6:12  Void Ray (Chrono Boost)  
  46  6:16  Pylon  
  50  6:40  Probe  
  50  6:46  Void Ray (Chrono Boost), Stargate  
  51  6:52  Probe  
  52  7:04  Probe  
  52  7:05  Probe  
  54  7:16  Shield Battery  
Show
View Real Time Build Order
Export as new Build Order

OsiRis Protoss - Winner!

Build Orders:  

Get SALT Encoding   

  12  0:00  Probe  
  13  0:13  Probe  
  14  0:18  Pylon  
  14  0:25  Probe (Chrono Boost)  
  15  0:38  Probe (Chrono Boost)  
  15  0:40  Gateway  
  16  0:44  Probe (Chrono Boost)  
  16  0:49  Assimilator  
  17  0:55  Probe  
  17  0:57  Assimilator  
  18  1:07  Probe (Chrono Boost)  
  18  1:11  Gateway  
  19  1:19  Probe (Chrono Boost)  
  20  1:27  Cybernetics Core  
  20  1:29  Probe (Chrono Boost)  
  21  1:36  Pylon  
  21  1:37  Probe  
  22  1:49  Probe  
  23  2:03  Adept x2  
  23  2:04  Warp Gate (Chrono Boost)  
  27  2:11  Pylon  
  27  2:27  Nexus  
  27  2:37  Stalker  
  27  2:43  Stalker  
  31  2:53  Twilight Council  
  31  2:56  Probe  
  31  3:52  Stalker x2  
  35  4:07  Pylon  
  28  4:34  Probe  
  23  4:47  Pylon  
  23  4:50  Probe (Chrono Boost)  
  22  4:57  Pylon  
  22  5:02  Probe (Chrono Boost)  
  24  5:08  Probe (Chrono Boost)  
  24  5:11  Probe (Chrono Boost)  
  24  5:14  Blink (Chrono Boost)  
  25  5:16  Probe (Chrono Boost)  
  25  5:17  Probe  
  26  5:26  Probe, Stalker x2  
  31  5:28  Gateway  
  31  5:29  Probe  
  32  5:38  Pylon  
  32  5:39  Probe  
  33  5:45  Probe  
  34  5:51  Probe  
  35  5:57  Probe  
  35  5:59  Stalker  
  35  6:00  Stalker  
  35  6:03  Probe  
  41  6:09  Probe  
  42  6:15  Probe, Gateway  
  44  6:25  Probe  
  44  6:27  Probe  
  45  6:34  Stalker  
  45  6:35  Stalker x2  
  45  6:37  Probe  
  52  6:42  Probe  
  53  6:50  Probe  
  54  7:17  Pylon  
  54  7:20  Pylon  
  54  7:33  Nexus  
  55  7:39  Stalker x4  
Show
View Real Time Build Order
Export as new Build Order

Massa Terran 

Build Orders:  

Get SALT Encoding   

  12  0:00  SCV  
  13  0:12  SCV  
  14  0:22  Supply Depot  
  14  0:24  SCV  
  15  0:43  SCV  
  16  0:52  Barracks  
  16  0:56  SCV  
  17  1:00  Refinery  
  17  1:08  SCV  
  18  1:16  Barracks  
  18  1:20  SCV  
  19  1:32  SCV, Supply Depot  
  20  1:39  Barracks Tech Lab  
  20  1:44  Orbital Command  
  20  1:52  Supply Depot  
  20  1:57  Marauder  
  22  2:03  Barracks Tech Lab  
  22  2:12  Concussive Shells  
  22  2:27  Marauder  
  24  2:30  Marauder  
  26  2:48  Marauder  
  28  2:53  Marauder  
  30  3:05  Command Center  
  30  3:10  Marauder  
  32  3:14  Marauder  
  32  3:31  Marauder  
  33  3:35  Marauder  
  31  3:52  Marauder  
  33  3:57  Marauder  
  35  4:14  Marauder  
  35  4:18  Marauder  
  35  4:19  Bunker  
  29  4:35  Marauder  
  27  4:40  Marauder  
  27  4:44  SCV  
  30  4:51  Barracks  
  28  4:56  SCV  
  25  5:08  SCV  
  25  5:13  Engineering Bay  
  22  5:17  Factory  
  22  5:20  SCV  
  23  5:25  Barracks  
  23  5:27  Barracks  
  23  5:33  SCV  
  24  5:39  Marine  
  25  5:43  Missile Turret  
  25  5:47  SCV  
  26  5:50  Orbital Command  
  26  5:57  Marine  
  25  6:04  Factory Tech Lab  
  25  6:12  Marine  
  25  6:13  Refinery  
  25  6:14  Marine  
  25  6:15  Marine  
  27  6:27  Cyclone  
  27  6:30  Marine  
  27  6:32  Marine  
  30  6:33  Marine  
  32  6:48  Marine  
  32  6:50  Marine  
  32  6:51  Marine  
  35  7:02  Marine  
  35  7:06  Marine  
  35  7:08  Marine x2  
  35  7:15  Marine  
  36  7:20  Marine  
  31  7:36  Barracks  
  32  7:38  Barracks  
Show
View Real Time Build Order
Export as new Build Order

qqq Zerg 

Build Orders: Hatch First 

Get SALT Encoding   

  12  0:00  Drone  
  13  0:08  Drone  
  14  0:18  Overlord  
  14  0:49  Drone  
  15  0:53  Drone  
  15  0:55  Hatchery  
  15  0:59  Drone  
  15  1:03  Extractor, Drone  
  16  1:22  Drone  
  16  1:23  Spawning Pool  
  16  1:38  Extractor  
  15  1:40  Drone x2  
  15  1:47  Drone  
  18  1:57  Drone  
  19  2:10  Drone  
  19  2:12  Zergling x2  
  21  2:22  Zergling x2  
  22  2:27  Hatchery  
  21  2:30  Zergling x2  
  21  2:32  Metabolic Boost  
  22  2:37  Zergling x2  
  22  2:38  Zergling x2  
  24  2:45  Zergling x2  
  24  2:50  Zergling x2  
  26  2:55  Queen  
  25  3:22  Overlord x3  
  23  3:48  Zergling x4  
  23  3:50  Drone  
  26  4:06  Zergling x4  
  26  4:07  Zergling x4  
  30  4:12  Zergling x2  
  30  4:14  Queen  
  33  4:19  Lair  
  32  4:33  Zergling x4  
  32  4:35  Drone x2  
  34  4:40  Spore Crawler  
  34  4:44  Drone, Spore Crawler  
  31  4:47  Drone  
  31  4:50  Queen  
  34  4:56  Drone  
  34  4:59  Extractor  
  34  5:03  Drone  
  34  5:18  Drone, Spire  
  34  5:19  Drone x3  
  33  5:36  Queen  
  33  5:39  Drone x4  
  39  5:44  Drone x2  
  39  5:46  Extractor  
  39  5:47  Extractor  
  39  5:55  Zergling x4  
  41  6:08  Spore Crawler  
  39  6:42  Overlord x3  
  35  7:20  Drone x5  
  35  7:21  Drone  
Tags
 
Add a new tag
Caveats
  • Supply blocks, unpowered buildings, or Contaminate may cause inaccurate times.
  • Supply counts are checked every 10 seconds.